 Dungeon Crawl Stone Soup version 0.28.0-53-g5a82cb258f (webtiles) character file.

Game seed: 14797914349376553644

1801 cbfl8 the Chopper (level 8, -1/64 HPs)
             Began as a Demonspawn Berserker on Sept 11, 2022.
             Was a Believer of Trog.
             Slain by an ice beast (13 damage)
             ... on level 7 of the Dungeon.
             The game lasted 00:07:28 (8004 turns).

cbfl8 the Chopper (Demonspawn Berserker)            Turns: 8004, Time: 00:07:29

Health: -1/64      AC: 10    Str: 23    XL:     8   Next: 83%
Magic:  8/8        EV: 16    Int:  9    God:    Trog [**....]
Gold:   412        SH:  0    Dex: 15    Spells: 7/7 levels left

rFire   . . .      SeeInvis +   s - +0 war axe
rCold   . . .      Faith    .   (no shield)
rNeg    . . .      Spirit   .   z - +0 scale mail
rPois   .          Reflect  .   b - +0 helmet
rElec   .          Harm     .   (no cloak)
rCorr   .          Rampage  .   (no gloves)
Will    .....                   (no boots)
Stlth   ..........              (no amulet)
HPRegen 0.20/turn               i - +6 ring of strength
MPRegen 0.22/turn               u - ring of see invisible

@: agile
A: yellow scales 1, powered by pain 1, magic regeneration
a: Renounce Religion, Berserk, Trog's Hand


You were on level 7 of the Dungeon.
You worshipped Trog.
Trog was pleased with you.
You visited 1 branch of the dungeon, and saw 7 of its levels.
You also visited: Sewer.

You collected 412 gold pieces.

Inventory:

Hand Weapons
 s - a +0 war axe (weapon)
Missiles
 w - 2 throwing nets
Armour
 b - a +0 helmet (worn)
 z - a +0 scale mail (worn)
Jewellery
 i - a +6 ring of strength (left hand)
 o - a +6 ring of strength
 u - a ring of see invisible (right hand)
Wands
 p - a wand of flame (28) (quivered)
Scrolls
 f - 2 scrolls of blinking
 g - 2 scrolls of fog
 j - a scroll of brand weapon
 m - a scroll of teleportation
 t - a scroll of immolation
 v - a scroll of vulnerability {unknown}
 x - a scroll of noise {unknown}
Potions
 c - 3 potions of brilliance {unknown}
 d - a potion of heal wounds
 k - a potion of might {unknown}
 l - a potion of haste {unknown}
 n - 4 potions of curing {unknown}
 q - 3 potions of attraction {unknown}
 r - a potion of berserk rage {unknown}


   Skills:
 + Level 5.8 Fighting
 + Level 7.1 Axes
 + Level 5.5 Armour
 + Level 3.8 Dodging
 + Level 1.3 Stealth
 + Level 1.1 Evocations


You had 7 spell levels left.
You didn't know any spells.
Your spell library was empty.

Dungeon Overview and Level Annotations

Branches:
Dungeon (7/15)             Temple (0/1) D:4           Sewer (visited)

Altars:
Fedhas


Innate Abilities, Weirdness & Mutations

You are partially covered in yellow scales. (AC +2)
You sometimes gain a little power by taking damage.
You regenerate magic rapidly.


Message History

You hit the iguana. The iguana closely misses you.
The ice beast hits you but does no damage.
Unknown command.
You hit the iguana but do no damage.
The iguana is heavily wounded.
You hit the ice beast but do no damage. The iguana bites you!
The ice beast hits you but does no damage.
Unknown command.
You slash the iguana!
The iguana is almost dead.
You barely miss the ice beast.
The iguana bites you but does no damage.
The ice beast hits you but does no damage.
The iguana bites you but does no damage.
Unknown command.
You hit the iguana but do no damage.
The iguana is almost dead.
You completely miss the ice beast. The ice beast misses you.
The iguana bites you.
Unknown command.
You hit the iguana.
You kill the iguana!
Trog accepts your kill.
You hit the ice beast but do no damage. The ice beast barely misses you.
You barely miss the ice beast.
The ice beast is lightly wounded.
The ice beast hits you. The ice beast freezes you!
You hit the ice beast but do no damage.
The ice beast is lightly wounded.
The ice beast hits you. The ice beast freezes you!
* * * LOW HITPOINT WARNING * * *
You focus on the pain.
You feel agile all of a sudden.
You hit the ice beast.
The ice beast is moderately wounded.
You hear the slow hiss of a very distant avalanche of sand.
The ice beast hits you.
* * * LOW HITPOINT WARNING * * *
The ice beast freezes you!
You die...

#..........
#..........
#.........
#........
#..?...#
#......#
+..†Y..#
#..@...#
#......##+
####...|......
#.....####....
#.....# ...
#.....# ..
#.....# #
####.....#
#....#####


You could see an ice beast.

Vanquished Creatures
  The ghost of jjjjhere the Stinger, a novice GnVM of Gozag (D:6)
  Maggie (D:6)
  2 water moccasins
  A black bear (D:6)
  An ogre (D:5)
  A phantom (D:4)
  Blork the orc (D:4)
  A gnoll sergeant (D:6)
  4 hounds
  2 gnoll shamans (D:6)
  A centaur skeleton (D:6)
  A jelly (D:6)
  2 bullfrog skeletons
  2 iguanas
  Natasha (D:2)
  An orc wizard (D:5)
  12 gnolls (D:6)
  9 adders
  A white imp (D:6)
  5 orcs (D:5)
  8 endoplasms
  5 giant cockroaches
  5 hobgoblins
  6 jackals
  6 kobolds
  4 quokkas
  5 ball pythons
  3 bats
  6 frilled lizards
  5 goblins
  6 rats
109 creatures vanquished.

Vanquished Creatures (others)
  2 plants (D:4)
  2 withered plants (D:6)
4 creatures vanquished.

Grand Total: 113 creatures vanquished

Notes
Turn   | Place    | Note
-------+----------+-------------------------------------------
     0 | D:1      | cbfl8 the Demonspawn Berserker began the quest for the Orb.
     0 | D:1      | Reached XP level 1. HP: 18/18 MP: 1/1
   345 | D:1      | Reached skill level 3 in Axes
   369 | D:1      | Gained mutation: You regenerate magic rapidly. [demonic
                  | ancestry]
   369 | D:1      | Reached XP level 2. HP: 23/24 MP: 2/2
  1579 | D:2      | Reached XP level 3. HP: 29/29 MP: 3/3
  1788 | D:2      | Noticed Natasha
  1796 | D:2      | Killed Natasha
  1964 | D:2      | Identified the +2 robe of the Armadillo {Harm rPois Str+5
                  | Stlth-}
  2441 | D:3      | Gained mutation: You are partially covered in yellow
                  | scales. (AC +2) [demonic ancestry]
  2441 | D:3      | Reached XP level 4. HP: 31/36 MP: 4/4
  2510 | D:3      | Found a glowing drain.
  2514 | Sewer    | Entered a sewer
  2637 | Sewer    | Noticed a water moccasin
  2653 | Sewer    | Killed a water moccasin
  2654 | Sewer    | Reached skill level 4 in Axes
  2654 | Sewer    | Reached XP level 5. HP: 42/42 MP: 5/5
  2961 | D:3      | Reached ** piety under Trog
  3630 | D:4      | Noticed Blork the orc
  3636 | D:4      | Killed Blork the orc
  3637 | D:4      | Reached XP level 6. HP: 48/48 MP: 6/6
  3846 | D:4      | Found a staircase to the Ecumenical Temple.
  4218 | D:4      | Reached skill level 5 in Axes
  4395 | D:4      | Found a blossoming altar of Fedhas.
  4743 | D:5      | Entered Level 5 of the Dungeon
  4748 | D:5      | Noticed a water moccasin
  4757 | D:5      | Killed a water moccasin
  4758 | D:5      | Reached XP level 7. HP: 55/55 MP: 7/7
  6636 | D:6      | Reached skill level 6 in Axes
  6636 | D:6      | Reached skill level 1 in Stealth
  6636 | D:6      | Gained mutation: You sometimes gain a little power by
                  | taking damage. [demonic ancestry]
  6636 | D:6      | Reached XP level 8. HP: 50/61 MP: 8/8
  6763 | D:6      | Noticed Maggie
  6783 | D:6      | Killed Maggie
  6784 | D:6      | Reached skill level 5 in Fighting
  6784 | D:6      | Reached skill level 5 in Armour
  7004 | D:6      | Reached skill level 1 in Evocations
  7210 | D:6      | Found a runed translucent door.
  7211 | D:6      | Noticed jjjjhere's ghost (novice GnVM)
  7859 | D:6      | Killed jjjjhere's ghost
  7860 | D:6      | Reached skill level 7 in Axes
  8004 | D:7      | Slain by an ice beast

Illustrated notes

Levels and vault maps discovered:
D:1:      tarquinn_simple_flora_water_b, layout_basic, interstate_on_off
D:2:      layout_basic, uniq_natasha
D:3:      layout_loops_ring, gup_sewer_entry_spiral
D:4:      layout_loops_ring, nicolae_overflow_crystal_walls,
          minmay_temple_entry_butterflies, serial_bayou_crossing,
          uniq_blork_the_orc
D:5:      layout_rooms
D:6:      layout_loops_ring, gammafunk_ghost_grave, uniq_maggie
D:7:      layout_gridville, enter_ossuary_2, roderic_filled_cross,
          uniq_prince_ribbit1

Skill      XL: |  1  2  3  4  5  6  7  8 |
---------------+-------------------------+-----
Axes           | 3 4 5 6 7 |  7.1
Dodging        | 2 3 |  3.8
Armour         | 2 3 4 5 |  5.5
Fighting       | 4 5 |  5.8
Stealth        | 1 |  1.3
Evocations     | 1 |  1.1

Action                   |  1- 3 |  4- 6 |  7- 9 || total
-------------------------+-------+-------+-------++-------
Melee: Hand axe          |   114 |   165 |    74 ||   353
       Punch             |       |     2 |     2 ||     4
       War axe           |       |       |    97 ||    97
Invok: Berserk           |       |     4 |     4 ||     8
Evoke: Wand              |       |       |     5 ||     5
  Use: Potion            |       |       |     3 ||     3
       Scroll            |       |       |     5 ||     5
 Stab: Sleeping          |     1 |       |     1 ||     2
Armor: Animal skin       |    13 |       |       ||    13
       Ring mail         |     6 |    87 |    62 ||   155
       Scale mail        |       |       |     9 ||     9
Dodge: Dodged            |    71 |   116 |   120 ||   307
